 Dungeon Crawl Stone Soup version 0.20-a0-1124-g2e29d97 (webtiles) character file.

93 Chaotic the Covered (level 4, 0/40 HPs)
             Began as a Minotaur Fighter on May 17, 2017.
             Slain by a bat (1 damage)
             ... on level 3 of the Dungeon.
             The game lasted 00:01:43 (1364 turns).

Chaotic the Covered (Minotaur Fighter)              Turns: 1364, Time: 00:01:44

Health: 0/40       AC: 10    Str: 21    XL:     4   Next: 37%
Magic:  0/3        EV:  8    Int:  5    God:
Gold:   106        SH:  9    Dex: 10    Spells: 3/3 levels left

rFire    . . .     SeeInvis .   a - +0 rapier
rCold    . . .     Gourm    .   c - +0 shield
rNeg     . . .     Faith    .   s - +4 ring mail
rPois    .         Spirit   +   (helmet restricted)
rElec    .         Reflect  .   r - scarf {Spirit}
rCorr    .         Harm     .   (no gloves)
MR       .....                  (no boots)
Stlth    ..........             (no amulet)
Regen    0.2/turn               (no ring)
MPRegen  0.1/turn               (no ring)

@: no status effects
A: retaliatory headbutt, horns 2
a: no special abilities


You were on level 3 of the Dungeon.
You were not hungry.

You visited 1 branch of the dungeon, and saw 3 of its levels.

You collected 106 gold pieces.

Inventory:

Hand Weapons
 a - a +0 rapier (weapon)
Armour
 c - a +0 shield (worn)
 r - a scarf of spirit shield (worn)
 s - a +4 ring mail (worn)
Scrolls
 e - 5 scrolls of identify {unknown}
 h - 3 scrolls of fear {unknown}
 l - 2 scrolls of magic mapping {unknown}
 p - a scroll of remove curse {unknown}
 q - a scroll of enchant weapon {unknown}
Potions
 b - 2 potions of brilliance {unknown}
 d - a potion of might
 g - a potion of flight {unknown}
 k - a potion of degeneration {unknown}
 m - a potion of agility {unknown}
 o - 2 potions of lignification {unknown}
Comestibles
 f - a bread ration
 i - 2 meat rations
 j - a royal jelly
 n - 2 fruits


   Skills:
 - Level 4.1 Fighting
 + Level 3.4 Short Blades
 * Level 5.0 Armour
 + Level 3.9 Shields


You had 3 spell levels left.
You didn't know any spells.

Dungeon Overview and Level Annotations

Branches:
Dungeon (3/15)

Altars:
Sif Muna


Innate Abilities, Weirdness & Mutations

You reflexively headbutt those who attack you in melee.
You have a pair of horns on your head.


Message History

* * * LOW HITPOINT WARNING * * *
The orc hits you but does no damage.
You hit the orc but do no damage. Your headbutt misses the orc.
The orc is lightly wounded.
The bat barely misses you. The orc hits you with a hand axe.
* * * LOW HITPOINT WARNING * * *
You block the ooze's attack. You block the orc's attack.
The orc hits you but does no damage.
You hit the orc.
The orc is moderately wounded.
The bat hits you but does no damage. You block the orc's attack.
The ooze barely misses you. The orc hits you but does no damage.
You block the orc's attack. The bat hits you but does no damage.
You puncture the orc!
You kill the orc!
The bat closely misses you. The ooze closely misses you.
You block the orc's attack. The orc hits you but does no damage.
Unknown command.
The bat hits you.
You die...

#......# +.......
##......# ...
........# ....
........## #..#
.........# #..#
......†..# #..#
........o## #..#
......ob@.#########..#
#......J#.##.........#
#.####.##..#.######'##
# #. ##.#.##......# #.
#...##......# ..
##..##......#### ##
##..##..........
..#.##..........
####.#..#†.........


You could see an ooze, 2 orcs and a bat.

Vanquished Creatures
  3 adders
  An ooze (D:3)
  2 worms (D:3)
  3 dart slugs
  3 orcs (D:3)
  A ball python (D:3)
  5 bats
  5 giant cockroaches
  5 goblins
  3 hobgoblins
  4 jackals (D:3)
  2 quokkas (D:2)
  A frilled lizard (D:2)
  6 kobolds
  4 rats
48 creatures vanquished.

Notes
Turn   | Place    | Note
-------+----------+-------------------------------------------
     0 | D:1      | Chaotic the Minotaur Fighter began the quest for the Orb.
     0 | D:1      | Reached XP level 1. HP: 19/19 MP: 0/0
   372 | D:1      | Reached XP level 2. HP: 27/27 MP: 1/1
   585 | D:2      | Reached skill level 4 in Armour
   748 | D:2      | Reached XP level 3. HP: 33/33 MP: 2/2
  1143 | D:2      | Found a deep blue altar of Sif Muna.
  1289 | D:3      | Reached XP level 4. HP: 40/40 MP: 3/3
  1349 | D:3      | Reached skill level 5 in Armour
  1361 | D:3      | HP: 1/40 [orc/hand axe (4)]
  1364 | D:3      | Slain by a bat

Vault maps used:
D:1:      dpeg_arrival_snail
D:2:      nicolae_overflow_hidden_temple
D:3:      first_bread, serial_park_tiny_2

Skill      XL: |  1  2  3  4 |
---------------+-------------+-----
Fighting       | 4 |  4.1
Armour         | 4 5 |  5.0
Short Blades   | 3 |  3.4
Shields        | |  3.9

Action                   |  1- 3 |  4- 6 || total
-------------------------+-------+-------++-------
Melee: Rapier            |    90 |    27 ||   117
       Headbutt          |    14 |     1 ||    15
  Eat: Meat ration       |     1 |       ||     1
Armor: Scale mail        |    17 |       ||    17
       Ring mail         |    19 |    46 ||    65
Dodge: Dodged            |    29 |    33 ||    62
Block: Shield            |    47 |    51 ||    98
